 Dungeon Crawl Stone Soup version 0.27-a0-887-gcab673c142 (webtiles) character file.

Game seed: 7633620527020681549

44 wakim the Skirmisher (level 3, -2/23 HPs)
             Began as a Kobold Fighter on Apr 4, 2021.
             Succumbed to a kobold's poison
             ... on level 2 of the Dungeon.
             The game lasted 00:02:32 (1891 turns).

wakim the Skirmisher (Kobold Fighter)               Turns: 1891, Time: 00:02:33

Health: -2/23      AC:  3    Str: 13    XL:     3   Next: 85%
Magic:  3/3        EV: 13    Int:  9    God:
Gold:   57         SH:  5    Dex: 15    Spells: 2/2 levels left

rFire    . . .     SeeInvis .   a - +0 rapier
rCold    . . .     Faith    .   c - +0 buckler
rNeg     . . .     Spirit   .   e - +0 leather armour
rPois    .         Reflect  .   (no helmet)
rElec    .         Harm     .   (no cloak)
rCorr    .         Rampage  .   (no gloves)
Will     .....                  (no boots)
Stlth    +++.......             (no amulet)
HPRegen  0.07/turn              (no ring)
MPRegen  0.08/turn              (no ring)

@: lethally poisoned (-2 -> -31)
A: small, no large weapons, nightstalker 3
a: no special abilities


You were on level 2 of the Dungeon.
You visited 1 branch of the dungeon, and saw 2 of its levels.

You collected 57 gold pieces.

Inventory:

Hand Weapons
 a - a +0 rapier (weapon)
Armour
 c - a +0 buckler (worn)
 e - a +0 leather armour (worn)
Potions
 d - a potion of lignification {unknown}
 g - a potion of haste {unknown}
 N - a potion of might


   Skills:
 + Level 3.5 Fighting
 * Level 3.5 Short Blades
 - Level 2.4 Armour
 + Level 1.0 Dodging
 + Level 1.5 Stealth
 * Level 2.8 Shields


You had 2 spell levels left.
You didn't know any spells.
Your spell library was empty.

Dungeon Overview and Level Annotations

Branches:
Dungeon (2/15)

Altars:
Fedhas


Innate Abilities, Weirdness & Mutations

You are small and have problems with some larger weapons.
You are completely attuned to the shadows.


Message History

A ball python comes into view.
The ball python hisses angrily.
You block the ball python's attack. The ball python closely misses you. x2
The ball python grabs you. The ball python constricts you.
You puncture the ball python!
You kill the ball python!
You see here a ball python corpse.
A goblin comes into view. It is wielding a +0 dagger.
The helpless goblin fails to defend itself.
You puncture the goblin!
You kill the goblin!
A kobold comes into view. It is wielding a +1 dagger of venom.
The kobold shouts!
You hit the kobold.
The kobold is severely wounded.
The kobold hits you with a +1 dagger of venom.
You are poisoned.
You closely miss the kobold.
The kobold is moderately wounded.
You feel very sick. The kobold barely misses you.
You closely miss the kobold.
The kobold is moderately wounded.
You feel very sick. You block the kobold's attack.
You miss the kobold.
The kobold is moderately wounded.
You feel sick.
The kobold hits you with a +1 dagger of venom.
You are lethally poisoned!
You hit the kobold but do no damage.
The kobold is moderately wounded.
* * * LOW HITPOINT WARNING * * *
You feel very sick.
The kobold hits you with a +1 dagger of venom.
* * * LOW HITPOINT WARNING * * *
You are more poisoned.
You completely miss the kobold.
The kobold is moderately wounded.
You die...

#.........
......
#......#
####.
#...... #.
#..... #.
#####.....
#.
..........
.
.......###
.......#
.....@.#
.....K.#
......#
......#
......#


You could see a kobold.

Vanquished Creatures
  2 dart slugs (D:2)
  7 ball pythons
  7 bats
  2 endoplasms (D:2)
  A giant cockroach (D:1)
  2 goblins (D:2)
  3 hobgoblins
  5 jackals (D:1)
  2 kobolds (D:1)
  2 quokkas
  2 rats (D:1)
35 creatures vanquished.

Notes
Turn   | Place    | Note
-------+----------+-------------------------------------------
     0 | D:1      | wakim the Kobold Fighter began the quest for the Orb.
     0 | D:1      | Reached XP level 1. HP: 14/14 MP: 1/1
   245 | D:1      | Reached XP level 2. HP: 18/19 MP: 2/2
   334 | D:1      | Reached skill level 1 in Stealth
   498 | D:1      | Found a faded altar of an unknown god.
   520 | D:1      | Reached XP level 3. HP: 15/23 MP: 3/3
  1405 | D:2      | Found a blossoming altar of Fedhas.
  1670 | D:2      | Reached skill level 1 in Dodging
  1891 | D:2      | Succumbed to a kobold's poison

Illustrated notes

Levels and vault maps discovered:
D:1:      dpeg_arrival_arbitrary_b, layout_rooms, ebering_ecumenical_altar_webs,
          minmay_tetromino_i4
D:2:      layout_basic, basic_altar

Skill      XL: |  1  2  3 |
---------------+----------+-----
Short Blades   | 3 |  3.5
Stealth        | 1 |  1.5
Dodging        | 1 |  1.0
Fighting       | |  3.5
Armour         | |  2.4
Shields        | |  2.8

Action                   || total
-------------------------++-------
Melee: Rapier            ||   130
  Use: Scroll            ||     3
 Stab: Sleeping          ||     4
Armor: Scale mail        ||    56
       Leather armour    ||     1
Dodge: Dodged            ||    63
Block: Buckler           ||    38

Table legend: (Time is in decaauts)
 A = Elapsed time spent in this place.
 B = Non-inter-level travel time spent in this place.
 C = Inter-level travel time spent in this place.
 D = Time resting spent in this place.
 E = Time spent auto-exploring this place.
 F = Levels seen in this place.
 G = Mean time per level.
                   A        B        C        D        E       F      G
               +--------+--------+--------+--------+--------+-----+--------+
         Total |   1901 |   1876 |     25 |    119 |   1463 |   2 |  950.5 |
       Dungeon |   1901 |   1876 |     25 |    119 |   1463 |   2 |  950.5 |
               +--------+--------+--------+--------+--------+-----+--------+

Top non-repeatable levels by time:
     D:1: 1009 daAuts
     D:2: 892 daAuts
